 Dungeon Crawl Stone Soup version 0.22.0-21-g8bd1b0a (console) character file.

589 removed the Conjurer (level 7, -4/41 HPs)
             Began as a Halfling Conjurer on Aug 19, 2018.
             Was a Believer of Vehumet.
             Slain by a crocodile (13 damage)
             ... in a sewer.
             The game lasted 00:16:03 (6558 turns).

removed the Conjurer (Halfling Conjurer)            Turns: 6558, Time: 00:16:03

Health: -4/41      AC:  5    Str:  9    XL:     7   Next: 65%
Magic:  6/11       EV: 14    Int: 15    God:    Vehumet [**....]
Gold:   99         SH:  0    Dex: 15    Spells: 7/12 levels left

rFire    + . .     SeeInvis .   a - +0 whip
rCold    + . .     Gourm    .   (shield restricted)
rNeg     . . .     Faith    .   m - +1 leather armour {rF+}
rPois    .         Spirit   .   (no helmet)
rElec    .         Reflect  .   n - +0 cloak
rCorr    .         Harm     .   (no gloves)
MR       +....                  (no boots)
Stlth    ++........             (no amulet)
HPRegen  0.13/turn              f - ring of protection from magic
MPRegen  0.12/turn              j - ring of protection from cold

@: no status effects
A: small, mutation resistance 1
a: Renounce Religion


You were in a sewer.
You worshipped Vehumet.
Vehumet was pleased with you.
You were not hungry.

You visited 1 branch of the dungeon, and saw 5 of its levels.
You also visited: Sewer.

You collected 99 gold pieces.

Inventory:

Hand Weapons
 a - a +0 whip (weapon)
 d - a -1 dagger
Armour
 m - a +1 leather armour of fire resistance (worn)
 n - a +0 cloak (worn)
 v - a cursed +0 buckler
 z - a +0 robe
Magical Staves
 p - an uncursed staff of air
Jewellery
 f - a ring of protection from magic (left hand)
 j - a ring of protection from cold (right hand)
Wands
 w - a wand of flame (7)
 y - a wand of enslavement (13)
Scrolls
 g - 3 scrolls of teleportation
 s - a scroll of random uselessness {unknown}
 t - a scroll of identify
 A - a scroll of fear {unknown}
 B - a scroll of blinking {unknown}
Potions
 k - 3 potions of mutation
 o - 2 potions of ambrosia
 q - a potion of lignification {unknown}
 r - 3 potions of curing {unknown}
Comestibles
 c - 4 rations
 x - 8 chunks of flesh


   Skills:
 - Level 2.1 Dodging
 - Level 2.1 Stealth
 - Level 3.0 Spellcasting
 - Level 6.4 Conjurations
 + Level 1.5 Fire Magic


You had 7 spell levels left.
You knew the following spells:

 Your Spells              Type           Power        Failure   Level  Hunger
a - Magic Dart            Conj           ###.         1%          1    #......
b - Searing Ray           Conj           ###...       3%          2    ##.....
c - Throw Flame           Conj/Fire      ##....       9%          2    ##.....

Your spell library contained the following spells:

 Spells                   Type           Power        Failure   Level  Hunger
 Iskenderun's Mystic Bla  Conj           ###.....     21%         4    #####..
 Dazzling Spray           Conj/Hex       ##....       22%         3    ###....
 Force Lance              Conj/Tloc      ##......     58%         4    #####..
 Fulminant Prism          Conj/Hex       ##........   58%         4    #####..


Dungeon Overview and Level Annotations

Branches:
Dungeon (5/15)             Temple (0/1) D:5

Altars:
Makhleb
Qazlal
Vehumet
The Shining One

Annotations:
D:3 2 transporters, Ijyb


Innate Abilities, Weirdness & Mutations

You are small and have problems with some larger weapons.
You are somewhat resistant to further mutation.


Message History

(Press . to maintain the ray.)
The searing ray misses the crocodile.
The crocodile barely misses you.
The searing ray hits the crocodile.
The crocodile is lightly wounded.
The crocodile bites you!
The searing ray hits the crocodile.
The crocodile is heavily wounded.
You finish channeling your searing ray.
The crocodile bites you!
* * * LOW HITPOINT WARNING * * *
Press: ? - help, v - describe, . - travel
Here: a crocodile (heavily wounded)
The floor.
Okay, then.
Okay, then.
Evoke which item? (* to show all) (? for menu, Esc to quit)
Aiming: Enslavement
Press: ? - help, Shift-Dir - straight line, f/p - crocodile
Aim: a crocodile (heavily wounded, chance to defeat MR: 46%)
The crocodile resists with some effort.
The crocodile bites you!
You die...

##.##
#.≈.#
##≈..##
#.....#
#≈...≈##
#...#.≈.#
#.≈###≈≈##
#.≈≈ #≈≈.#
#..# ##@.#
#.≈ #t.#
#..# ##≈≈#
#...#
#≈.##
#...#
.....##
#≈....#


You could see a crocodile.

Vanquished Creatures
  A phantom (D:4)
  2 scorpions
  A bullfrog zombie (D:5)
  An orc wizard (D:4)
  An iguana (D:4)
  5 worker ants
  A hound skeleton (D:5)
  6 adders
  A river rat (D:5)
  2 oozes (D:2)
  3 worms
  A dart slug (D:1)
  5 leopard geckos
  5 orcs
  2 ball pythons (D:5)
  9 bats
  5 giant cockroaches
  10 hobgoblins
  6 jackals
  A quokka (D:4)
  A ball python skeleton (D:4)
  10 frilled lizards
  6 goblins
  11 kobolds
  A quokka skeleton (D:4)
  10 rats
107 creatures vanquished.

Vanquished Creatures (others)
  4 toadstools (D:1)
4 creatures vanquished.

Grand Total: 111 creatures vanquished

Notes
Turn   | Place    | Note
-------+----------+-------------------------------------------
     0 | D:1      | removed the Halfling Conjurer began the quest for the Orb.
     0 | D:1      | Reached XP level 1. HP: 11/11 MP: 3/3
   155 | D:1      | Reached XP level 2. HP: 4/17 MP: 0/4
   801 | D:1      | Reached XP level 3. HP: 21/21 MP: 2/5
   848 | D:1      | Reached skill level 4 in Conjurations
   904 | D:1      | HP: 1/21 [hobgoblin (2)]
  1184 | D:1      | Learned a level 2 spell: Searing Ray
  2111 | D:2      | Found a radiant altar of Vehumet.
  2172 | D:2      | Found a burning altar of Makhleb.
  2216 | D:2      | Became a worshipper of Vehumet
  2219 | D:2      | Reached XP level 4. HP: 27/27 MP: 1/6
  3043 | D:3      | Noticed Ijyb
  3193 | D:3      | Noticed a big kobold
  3194 | D:3      | Found a stormy altar of Qazlal.
  3199 | D:3      | Noticed a centaur
  3206 | D:3      | Noticed an ogre
  3213 | D:3      | Found a transporter.
  3220 | D:3      | Found a transporter.
  3901 | D:4      | Noticed a phantom
  4219 | D:4      | Killed a phantom
  4219 | D:4      | Reached skill level 5 in Conjurations
  4219 | D:4      | Reached XP level 5. HP: 29/31 MP: 2/7
  4359 | D:4      | Reached * piety under Vehumet
  4359 | D:4      | Offered knowledge of Shock by Vehumet.
  4359 | D:4      | Reached XP level 6. HP: 36/36 MP: 3/8
  4593 | D:4      | Reached skill level 6 in Conjurations
  5545 | D:4      | Reached XP level 7. HP: 28/41 MP: 2/10
  5665 | D:4      | Found a glowing golden altar of the Shining One.
  5815 | D:5      | Entered Level 5 of the Dungeon
  5926 | D:5      | Found a staircase to the Ecumenical Temple.
  6045 | D:5      | Reached ** piety under Vehumet
  6145 | D:5      | Offered knowledge of Throw Flame by Vehumet.
  6149 | D:5      | Learned a level 2 spell: Throw Flame
  6298 | D:5      | Reached skill level 1 in Fire Magic
  6327 | D:5      | Found a glowing drain.
  6365 | Sewer    | Entered a sewer
  6558 | Sewer    | Slain by a crocodile

Skill      XL: |  1  2  3  4  5  6  7 |
---------------+----------------------+-----
Conjurations   | 4 5 6 |  6.4
Spellcasting   | 2 3 |  3.0
Fire Magic     | 1 |  1.5
Dodging        | |  2.1
Stealth        | |  2.1

Action                   |  1- 3 |  4- 6 |  7- 9 || total
-------------------------+-------+-------+-------++-------
Melee: Dagger            |   125 |    22 |       ||   147
       Staff             |       |       |    19 ||    19
 Cast: Magic Dart        |    73 |    79 |     6 ||   158
       Searing Ray       |       |    21 |    15 ||    36
Evoke: Wand              |       |       |     2 ||     2
  Use: Scroll            |     1 |     3 |     2 ||     6
 Stab: Sleeping          |     1 |       |       ||     1
  Eat: Chunk             |     6 |    11 |     4 ||    21
       Ration            |       |     1 |       ||     1
Armor: Robe              |    42 |     3 |       ||    45
       Leather armour    |       |     4 |    13 ||    17
Dodge: Dodged            |   161 |    37 |    35 ||   233
